 Dungeon Crawl Stone Soup version 0.20.0 (webtiles) character file.

62 Danakh the Skirmisher (level 3, -10/29 HPs)
             Began as a Demonspawn Fighter on May 29, 2017.
             Mangled by a worm (12 damage)
             ... on level 2 of the Dungeon.
             The game lasted 00:02:55 (1252 turns).

Danakh the Skirmisher (Demonspawn Fighter)          Turns: 1252, Time: 00:02:55

Health: -10/29     AC:  6    Str: 17    XL:     3   Next: 85%
Magic:  3/3        EV:  9    Int:  9    God:
Gold:   44         SH:  6    Dex: 12    Spells: 2/2 levels left

rFire    . . .     SeeInvis .   a - +0 long sword
rCold    . . .     Gourm    .   p - +2 buckler
rNeg     . . .     Faith    .   b - +0 scale mail
rPois    .         Spirit   .   (no helmet)
rElec    .         Reflect  .   (no cloak)
rCorr    .         Harm     .   (no gloves)
MR       +....     Rnd*Tele +   (no boots)
Stlth    ..........             (no amulet)
Regen    0.1/turn               h - ring of protection from magic
MPRegen  0.1/turn               q - ring of teleportation (curse)

@: no status effects
A: sturdy frame 1
a: no special abilities


You were on level 2 of the Dungeon.
You were not hungry.

You visited 1 branch of the dungeon, and saw 2 of its levels.

You collected 44 gold pieces.

Inventory:

Hand Weapons
 a - a +0 long sword (weapon)
Armour
 b - a +0 scale mail (worn)
 c - a +0 shield
 p - a +2 buckler (worn)
Jewellery
 h - a ring of protection from magic (left hand)
 q - a cursed ring of teleportation (right hand)
Scrolls
 e - a scroll of identify {unknown}
 g - a scroll of teleportation {unknown}
 j - a scroll of enchant weapon {unknown}
 k - 3 scrolls of fog {unknown}
 m - 2 scrolls of remove curse {unknown}
Potions
 d - a potion of might
 i - 3 potions of haste {unknown}
 l - 2 potions of invisibility {unknown}
 n - a potion of curing {unknown}
 o - a potion of brilliance {unknown}
 s - a potion of degeneration {unknown}
Comestibles
 f - a bread ration
 r - 3 chunks of flesh
 t - 3 fruits


   Skills:
 + Level 3.4 Fighting
 * Level 3.0 Long Blades
 + Level 3.0 Armour
 + Level 2.9 Shields


You had 2 spell levels left.
You didn't know any spells.

Dungeon Overview and Level Annotations

Branches:
Dungeon (2/15)

Altars:
Trog


Innate Abilities, Weirdness & Mutations

Your movements are slightly less encumbered by armour. (ER -2)


Message History

You kill the rat!
You see here a rat corpse.
You barely miss the worm. The worm bites you!
* * * LOW HITPOINT WARNING * * *
You hit the worm.
The worm is lightly wounded.
You block the worm's attack.
You slash the worm!
The worm is moderately wounded.
The worm bites you.
* * * LOW HITPOINT WARNING * * *
You slash the worm!
The worm is severely wounded.
The worm looks more energetic.
You block the worm's attack.
You hit the worm but do no damage.
The worm is severely wounded.
The worm barely misses you.
You riposte.
You slash the worm!
The worm is almost dead.
The worm bites you!
You die...

####w..###....#..# #.#
#......#y#._..#######.##
####.##...###....# ##.....#
##....##....#...)## #.(....##
##....w##.........####..#.....
##.......##......)##.##..##..##
#.##........##....###..##........
.............#######...#...######
#.###......(..ww@.....#.....##
#.####...##....###.###.......##
....###.# #....# #.##.........#
....###. #.#### #..>.........#
........ #.# ####.........#
....... ..# ##.....).## ....###
### ##.....## ##### ##...## #####


You could see 2 worms.

Vanquished Creatures
  2 adders (D:2)
  2 oozes
  2 leopard geckos
  7 bats
  2 giant cockroaches (D:1)
  4 goblins
  5 hobgoblins
  A ball python (D:2)
  3 frilled lizards (D:1)
  A kobold (D:1)
  7 rats
36 creatures vanquished.

Notes
Turn   | Place    | Note
-------+----------+-------------------------------------------
     0 | D:1      | Danakh the Demonspawn Fighter began the quest for the Orb.
     0 | D:1      | Reached XP level 1. HP: 18/18 MP: 1/1
   275 | D:1      | Gained mutation: Your movements are slightly less encumbered by armour. (ER -2) [demonic ancestry]
   275 | D:1      | Reached XP level 2. HP: 24/24 MP: 2/2
   863 | D:2      | Reached XP level 3. HP: 29/29 MP: 3/3
  1217 | D:2      | Noticed a moth of wrath
  1220 | D:2      | Found a bloodstained altar of Trog.
  1252 | D:2      | Mangled by a worm

Skill      XL: |  1  2  3 |
---------------+----------+-----
Long Blades    | 2 3 |  3.0
Armour         | 3 |  3.0
Fighting       | |  3.4
Shields        | |  2.9

Action                   || total
-------------------------++-------
Melee: Long sword        ||   113
  Eat: Chunk             ||     1
Armor: Scale mail        ||    59
Dodge: Dodged            ||    33
Block: Shield            ||    39
       Buckler           ||    18
       Rpst.: Long sword ||    12
